 Dungeon Crawl Stone Soup version 0.27.1-33-g824d729ab1 (webtiles) character file.

Game seed: 15554612680851721937

263 SensoryNuts the Cudgeller (level 5, -5/47 HPs)
             Began as a Minotaur Monk on Dec 6, 2021.
             Was a Believer of Uskayaw.
             Slain by Orb's ghost (9 damage)
             ... on level 3 of the Dungeon.
             The game lasted 00:04:01 (3602 turns).

SensoryNuts the Cudgeller (Minotaur Monk)           Turns: 3602, Time: 00:04:01

Health: -5/47      AC:  2    Str: 15 (16) XL:     5   Next: 97%
Magic:  4/4        EV: 13    Int:  7      God:    Uskayaw [**....]
Gold:   155        SH:  0    Dex: 13      Spells: 4/4 levels left

rFire    . . .     SeeInvis .   g - +0 scythe
rCold    . . .     Faith    .   (shield currently unavailable)
rNeg     . . .     Spirit   .   b - +0 robe
rPois    .         Reflect  .   (helmet restricted)
rElec    .         Harm     .   (no cloak)
rCorr    +         Rampage  .   (no gloves)
Will     +....                  (no boots)
Stlth    ++........             (no amulet)
HPRegen  0.15/turn              d - ring of resist corrosion
MPRegen  0.09/turn              (no ring)

@: lethally poisoned (-5 -> -13)
A: horns 2, retaliatory headbutt, strong-willed 1
a: Renounce Religion, Stomp, Line Pass


You were on level 3 of the Dungeon.
You worshipped Uskayaw.
Uskayaw was noncommittal.
You visited 1 branch of the dungeon, and saw 3 of its levels.

You collected 155 gold pieces.

Inventory:

Hand Weapons
 a - a +1 mace
 g - a +0 scythe (weapon)
Armour
 b - a +0 robe (worn)
 h - a +0 robe
Jewellery
 d - a ring of resist corrosion (left hand)
Wands
 k - a wand of mindburst (5) (quivered)
Scrolls
 f - 2 scrolls of noise
 l - a scroll of blinking


   Skills:
 + Level 4.6 Fighting
 + Level 5.7 Maces & Flails
 + Level 4.6 Dodging
 + Level 2.6 Stealth
 + Level 0.9 Evocations


You had 4 spell levels left.
You didn't know any spells.
Your spell library contained the following spells:

 Spells                   Type           Power      Damage    Failure   Level
 Shock                    Conj/Air       0%         1d3       43%         1
 Static Discharge         Conj/Air       0%         N/A       56%         2
 Swiftness                Air            0%         N/A       80%         3
 Airstrike                Air            0%         N/A       99%         4
 Lightning Bolt           Conj/Air       0%         1d11      100%        5
 Maxwell's Capacitive Co  Air            0%         ∞         100%        8


Dungeon Overview and Level Annotations

Branches:
Dungeon (3/15)

Altars:
Uskayaw

Shops:
D:3 ?

Annotations:
D:3 Dragonemperor's ghost, weakling DgFi; Orb's ghost, amateur OpVM


Innate Abilities, Weirdness & Mutations

You have a pair of horns on your head.
You reflexively headbutt those who attack you in melee.
You are strong-willed. (Will+)


Message History

Could not explore, unopened runed door.
Could not explore, unopened runed door.
Could not explore, unopened runed door.
You open the gate. You closely miss Orb's ghost. You headbutt Orb's ghost!
Orb's ghost is moderately damaged.
Orb's ghost casts a spell at you. The sting hits you.
You are poisoned.
Dragonemperor's ghost hits you. Orb's ghost closely misses you.
You furiously retaliate!
You headbutt Orb's ghost. Dragonemperor's ghost hits you.
You closely miss Orb's ghost.
Orb's ghost is heavily damaged.
You feel sick. Orb's ghost casts a spell at you. The sting hits you.
You are more poisoned.
Dragonemperor's ghost hits you! Orb's ghost hits you.
Dragonemperor's ghost closely misses you.
You hit Orb's ghost. You headbutt Orb's ghost!
Orb's ghost is almost destroyed.
You feel very sick. Orb's ghost casts a spell at you. The sting hits you.
You are more poisoned.
* * * LOW HITPOINT WARNING * * *
Dragonemperor's ghost closely misses you.
You furiously retaliate!
You headbutt Dragonemperor's ghost!
Orb's ghost stares at you and mumbles some strange words.
The sting hits you but does no damage.
You are lethally poisoned!
Dragonemperor's ghost barely misses you.
You can now pass through a line of other dancers.
You barely miss Orb's ghost. Your headbutt misses Orb's ghost.
Orb's ghost is almost destroyed.
* * * LOW HITPOINT WARNING * * *
You feel very sick. Orb's ghost hits you!
You die...

♣♣ #.#..#....≈♣≈≈♣P≈≈. ≈♣
#.#..#.#.#≈≈≈≈≈P≈≈♣ ≈♣
#.#......≈≈≈♣≈P♣≈≈♣ ♣♣
#######.##..≈♣P≈P≈≈P≈≈♣ ≈♣
##[♣⌠♣##.....≈♣≈P≈≈≈≈≈≈≈ ≈♣
*#8....#.####.P≈≈≈P≈≈≈P≈≈ ≈♣
*[.....#.#####P♣≈≈≈≈≈≈≈≈≈ ≈♣
###♣.....W.....♣♣≈≈≈≈≈≈≈≈≈P ≈#
###.#⌠.....W@.###≈≈≈≈≈≈≈≈≈≈P≈
#####...#♣.....'.....♣≈≈≈≈≈≈≈≈≈≈≈
.(.##...#[...(.#.###.P≈≈P≈≈≈≈≈≈≈≈
##.##..###8.(..#.# #.≈♣≈≈≈≈≈≈≈≈≈≈
#.##..# ##[♣⌠♣#.# #.P♣≈≈≈≈≈≈≈≈≈≈
#.##..# ####*#.# #.≈♣≈≈≈≈≈≈≈≈≈≈
#.....## #.# #.###.♣≈≈♣≈≈≈≈≈≈≈≈
##≈≈≈...## #.# #.##..♣♣≈≈≈≈≈≈≈≈P≈
#.≈♣≈≈...# #.# #......≈≈P≈P≈≈≈≈♣≈


You could see Dragonemperor's ghost and Orb's ghost.

Vanquished Creatures
  Sigmund (D:3)
  3 adders
  A worm (D:2)
  A dart slug (D:2)
  12 endoplasms
  A giant cockroach (D:3)
  5 goblins
  7 hobgoblins
  8 jackals
  A quokka (D:2)
  5 ball pythons
  4 bats
  3 frilled lizards
  6 kobolds
  5 rats
63 creatures vanquished.

Vanquished Creatures (others)
  A rat (D:3)
  2 plants (D:3)
3 creatures vanquished.

Grand Total: 66 creatures vanquished

Notes
Turn   | Place    | Note
-------+----------+-------------------------------------------
     0 | D:1      | SensoryNuts the Minotaur Monk began the quest for the Orb.
     0 | D:1      | Reached XP level 1. HP: 19/19 MP: 0/0
   457 | D:1      | Reached XP level 2. HP: 8/27 MP: 1/1
   464 | D:1      | Reached skill level 4 in Maces & Flails
  1407 | D:2      | Reached XP level 3. HP: 32/33 MP: 2/2
  1910 | D:2      | Reached XP level 4. HP: 40/40 MP: 3/3
  2134 | D:2      | Found a faded altar of an unknown god.
  2154 | D:2      | Became a worshipper of Uskayaw the Reveller
  2154 | D:2      | Reached * piety under Uskayaw
  2154 | D:2      | Reached ** piety under Uskayaw
  2618 | D:3      | Gained mutation: You are strong-willed. (Will+) [potion of
                  | mutation]
  2885 | D:3      | Found a runed translucent gate.
  2887 | D:3      | Found a runed translucent gate.
  2888 | D:3      | Found a runed translucent gate.
  2889 | D:3      | Noticed Dragonemperor's ghost (weakling DgFi)
  2890 | D:3      | Noticed Orb's ghost (amateur OpVM)
  3087 | D:3      | Found Qetotux's Magic Scroll Shoppe.
  3126 | D:3      | Noticed Sigmund
  3143 | D:3      | HP: 2/40 [Sigmund (5)]
  3144 | D:3      | Reached *** piety under Uskayaw
  3145 | D:3      | Killed Sigmund
  3146 | D:3      | Reached skill level 5 in Maces & Flails
  3146 | D:3      | Reached XP level 5. HP: 2/47 MP: 4/4
  3602 | D:3      | Slain by Orb's ghost

Illustrated notes

Levels and vault maps discovered:
D:1:      grunt_arrival_crossed_arrows, layout_basic, minmay_tetromino_t4
D:2:      wad_river_or_something, layout_basic,
          shapermc_ecumenical_altar_mp_highgroup
D:3:      layout_loops_ring, serial_bayou, serial_bayou_pond_d,
          serial_bayou_ford_a, serial_bayou_lake_a, serial_bayou_pond_b,
          gammafunk_ghost_cemetery, serial_shops, nicolae_shop_stone,
          minmay_misc_feat_x, minivault_14, uniq_sigmund

Skill      XL: |  1  2  3  4 |
---------------+-------------+-----
Maces & Flails | 4 5 |  5.7
Fighting       | 4 |  4.6
Dodging        | 4 |  4.6
Stealth        | 2 |  2.6
Evocations     | |  0.9

Action                   |  1- 3 |  4- 6 || total
-------------------------+-------+-------++-------
Melee: Mace              |    87 |    41 ||   128
       Headbutt          |    14 |    13 ||    27
       Scythe            |       |     8 ||     8
Invok: Stomp             |       |     1 ||     1
Evoke: Wand              |     5 |       ||     5
  Use: Potion            |       |     5 ||     5
       Scroll            |       |     5 ||     5
 Stab: Sleeping          |     3 |     1 ||     4
       Paralysed         |       |     1 ||     1
Armor: Robe              |    19 |    10 ||    29
Dodge: Dodged            |    77 |    44 ||   121
